 Dungeon Crawl Stone Soup version 0.20-a0-509-ga2a529b (webtiles) character file.

1958 Kaname the Poker (level 9, 61/61 HPs)
             Began as a Demonspawn Skald on Jan 22, 2017.
             Was an Initiate of Vehumet.
             Quit the game in an ossuary.
             The game lasted 00:21:33 (5853 turns).

Kaname the Poker (Demonspawn Skald)                 Turns: 5853, Time: 00:21:34

Health: 61/61      AC:  8    Str: 11    XL:     9   Next: 0%
Magic:  12/12      EV: 12    Int: 18    God:    Vehumet [......]
Gold:   228        SH:  3    Dex: 13    Spells: 9/12 levels left

rFire    . . .     SeeInvis .   F - +2 halberd (vamp)
rCold    + . .     Gourm    .   E - +2 robe "Zogapsaclu" {Regen+}
rNeg     . . .     Faith    .   (shield currently unavailable)
rPois    .         Spirit   .   (no helmet)
rElec    .         Reflect  +   w - +1 cloak
rCorr    .         Harm     .   (no gloves)
MR       .....                  (no boots)
Stlth    +++.......             s - +3 amulet of reflection
Regen    0.6/turn               a - ring of wizardry (curse)
                                e - ring of protection from cold

@: no status effects
A: talons 1, molten scales 1, deterioration 1, frail 1, spiny 2
a: Renounce Religion


You were in an ossuary.
You worshipped Vehumet.
Vehumet was noncommittal.
You were not hungry.

You visited 2 branches of the dungeon, and saw 7 of its levels.
You also visited: Sewer and Ossuary.

You collected 359 gold pieces.
You spent 131 gold pieces at shops.

Inventory:

Hand Weapons
 F - a +2 vampiric halberd (weapon)
Armour
 w - a +1 cloak (worn)
 E - the +2 robe "Zogapsaclu" (worn) {Regen+}
   (You bought it in a shop on level 4 of the Dungeon)

   It increases your rate of regeneration.
Jewellery
 a - a cursed ring of wizardry (right hand)
 e - a ring of protection from cold (left hand)
 s - a +3 amulet of reflection (around neck)
Wands
 y - a wand of random effects (27/48)
Scrolls
 b - 2 scrolls of blinking
 g - 2 scrolls of enchant armour
 h - 2 scrolls of fear {unknown}
 i - 4 scrolls of amnesia
 m - 2 scrolls of teleportation
 n - 3 scrolls of remove curse
 o - 2 scrolls of enchant weapon
 p - 4 scrolls of recharging
 r - 4 scrolls of magic mapping
Potions
 j - 2 potions of agility
 k - 3 potions of flight
 q - 2 potions of magic
 t - 4 potions of curing
 v - a potion of beneficial mutation
 z - a potion of haste
 A - a potion of might
 B - 4 potions of heal wounds
 C - a potion of ambrosia {unknown}
 D - a potion of brilliance
Books
 c - a book of Battle

   Spells                             Type                      Level
   a - Infusion                       Charms                       1
   b - Shroud of Golubria             Charms/Translocation         2
   c - Song of Slaying                Charms                       2
   d - Spectral Weapon                Hexes/Charms                 3
   e - Regeneration                   Charms/Necromancy            3
Comestibles
 d - 3 bread rations
 x - a royal jelly


   Skills:
 - Level 5.3 Fighting
 + Level 5.6 Polearms
 - Level 0.8 Armour
 - Level 1.7 Dodging
 - Level 5.0 Stealth
 - Level 2.0 Spellcasting
 - Level 5.0 Hexes
 - Level 5.0 Charms


You had 9 spell levels left.
You knew the following spells:

 Your Spells              Type           Power        Failure   Level  Hunger
b - Spectral Weapon       Hex/Chrm       ###.....     4%          3    ###....


Dungeon Overview and Level Annotations

Branches:
Dungeon (6/15)             Temple (1/1) D:6

Altars:
Cheibriados
Elyvilon
Fedhas
Hepliaklqana
Makhleb
Nemelex Xobeh
Qazlal
Ru
Sif Muna
Uskayaw
Vehumet
Xom
Yredelemnul
Zin
The Shining One

Shops:
D:4 =[


Innate Abilities, Weirdness & Mutations

You have sharp toenails.
You are partially covered in molten scales. (AC +2)
You are mostly covered in sharp spines.
Your body sometimes deteriorates upon taking damage.
You are frail. (-10% HP)


Message History

There is an open door here.
A mummy is nearby!
Attack whom?
Press: ? - help, Dir - move target cursor, f - mummy
Aim: a mummy You reach to attack!
You hit the mummy but do no damage. You slash the mummy!
The mummy is heavily damaged.
You hit the mummy.
The mummy is severely damaged.
You block the mummy's attack.
You slash the mummy!
You destroy the mummy!
Vehumet accepts your kill.
You have reached level 9!
Your experience leads to an increase in your attributes!
Increase (S)trength, (I)ntelligence, or (D)exterity?
You feel clever.
Your demonic ancestry asserts itself...
Molten scales grow over part of your body.
Are you sure you want to abandon this character and quit the game? (Confirm with "yes".)

#..^###∩#
+....'..#
#...###∩#
##'## ###
#.# ##.#
##+ ##..#
##...##..##
+..?..@^##
##...####
##+


There were no monsters in sight!

Vanquished Creatures
  A troll (D:5)
  Sigmund (D:2)
  Duvessa (D:5)
  A phantom (D:5)
  An ogre (D:4)
  A centaur (D:5)
  2 bullfrogs (Sewer)
  Dowan (D:5)
  2 scorpions
  A water moccasin skeleton (D:4)
  4 wights (D:5)
  A crimson imp (D:5)
  A centaur zombie (D:5)
  3 hounds
  Crazy Yiuf (D:2)
  Terence (D:2)
  3 worker ants
  2 orc wizards
  A mummy (Ossuary)
  2 howler monkey zombies
  11 gnolls
  12 adders
  5 river rats (Sewer)
  A shadow imp (D:5)
  2 oozes
  An adder skeleton (D:4)
  A worm (D:3)
  2 dart slugs (D:1)
  2 leopard geckos
  3 orcs
  5 giant cockroaches
  4 hobgoblins
  3 quokkas
  13 ball pythons
  6 bats
  4 frilled lizards
  8 goblins
  A goblin skeleton (Ossuary)
  10 kobolds
  A kobold skeleton (Ossuary)
  A leopard gecko zombie (D:4)
  A quokka skeleton (D:4)
  36 rats
164 creatures vanquished.

Notes
Turn   | Place    | Note
-------+----------+-------------------------------------------
     0 | D:1      | Kaname the Demonspawn Skald began the quest for the Orb.
     0 | D:1      | Reached XP level 1. HP: 16/16 MP: 3/3
   334 | D:1      | Gained mutation: You are partially covered in sharp spines. [demonic ancestry]
   334 | D:1      | Reached XP level 2. HP: 22/22 MP: 5/5
  1018 | D:2      | Reached XP level 3. HP: 27/27 MP: 6/6
  1023 | D:2      | Learned a level 3 spell: Spectral Weapon
  1112 | D:2      | You fall through a shaft!
  1144 | D:3      | Found a glowing silver altar of Zin.
  1212 | D:3      | Noticed a scorpion
  1221 | D:3      | Killed a scorpion
  1221 | D:3      | Gained mutation: You have sharp toenails. [demonic ancestry]
  1221 | D:3      | Reached XP level 4. HP: 25/33 MP: 3/7
  1337 | D:3      | Reached skill level 1 in Hexes
  1424 | D:3      | Gained mutation: You are mostly covered in sharp spines. [demonic ancestry]
  1424 | D:3      | Reached XP level 5. HP: 35/38 MP: 8/8
  1442 | D:3      | Found a glowing golden altar of the Shining One.
  1868 | D:2      | Found a runed door.
  1887 | D:2      | Noticed Sigmund
  1940 | D:2      | Killed Sigmund
  1940 | D:2      | Reached XP level 6. HP: 23/44 MP: 3/9
  2094 | D:2      | Noticed Crazy Yiuf
  2102 | D:2      | Killed Crazy Yiuf
  2297 | D:2      | Noticed Terence
  2305 | D:2      | Killed Terence
  2305 | D:2      | Reached skill level 5 in Hexes
  2527 | D:2      | Found a deep blue altar of Sif Muna.
  2754 | D:2      | Gained mutation: Your body sometimes deteriorates upon taking damage. [potion of mutation]
  2754 | D:2      | Gained mutation: You are frail. (-10% HP) [potion of mutation]
  2866 | D:4      | Reached XP level 7. HP: 37/45 MP: 10/10
  2904 | D:4      | Found a glowing drain.
  2928 | D:4      | Found a snail-covered altar of Cheibriados.
  2951 | Sewer    | Entered a sewer
  3001 | Sewer    | Reached skill level 5 in Charms
  3684 | D:4      | Reached skill level 5 in Polearms
  3811 | D:4      | Found Nablyqo's Jewellery Boutique.
  3944 | D:4      | Reached skill level 1 in Stealth
  4059 | D:4      | Found Usmell's Antique Armour Emporium.
  4067 | D:4      | Bought a sheer robe for 131 gold pieces
  4077 | D:4      | Identified the +2 robe "Zogapsaclu" {Regen+} (You bought it in a shop on level 4 of the Dungeon)
  4159 | D:5      | Entered Level 5 of the Dungeon
  4255 | D:5      | Reached XP level 8. HP: 19/50 MP: 11/11
  4510 | D:5      | Found a sacrificial altar of Ru.
  4531 | D:5      | Noticed Duvessa
  4698 | D:5      | Noticed a troll
  4794 | D:5      | Reached skill level 5 in Stealth
  4904 | D:5      | Found a hazy altar of Hepliaklqana.
  4915 | D:5      | Found a sparkling altar of Nemelex Xobeh.
  5131 | D:5      | Killed a troll
  5275 | D:5      | Killed Duvessa
  5275 | D:5      | Reached skill level 5 in Fighting
  5286 | D:5      | Noticed Dowan
  5476 | D:5      | Killed Dowan
  5624 | D:6      | Found a staircase to the Ecumenical Temple.
  5630 | Temple   | Entered the Ecumenical Temple
  5752 | Temple   | Became a worshipper of Vehumet
  5799 | D:6      | Found a sand-covered staircase.
  5831 | Ossuary  | Entered an ossuary
  5852 | Ossuary  | Gained mutation: You are partially covered in molten scales. (AC +2) [demonic ancestry]
  5852 | Ossuary  | Reached XP level 9. HP: 61/61 MP: 12/12
  5853 | Ossuary  | Quit the game

Vault maps used:
D:1:      dpeg_arrival_concentric_ovals, grunt_decor_mini_mirrors,
          minmay_rat_gold_closets
D:2:      lemuel_blue_sif_altar, uniq_crazy_yiuf_cottage, uniq_terence,
          uniq_sigmund
D:3:      old_standard_altar, lemuel_doored_altar, serial_glass,
          glass_columns_a, glass_columns_b
D:4:      cheibriados_altar_1, portal_sewer_entry_b, serial_shops, shop, shop,
          st_stairs_4, kennysheep_generic_room_4
D:5:      nicolae_overflow_crystal_walls, nemelex_xobeh_ov_fountains_minmay,
          lemuel_crystal_altar, first_bread, kennysheep_path_1,
          kennysheep_generic_room_9, uniq_duvessa
D:6:      lightli_ossuary_entry_decrepit_ruins
Temple:   dpeg_chambers_temple
Sewer:    sewer_minmay_w
Ossuary:  ossuary_due_small_catacomb

Skill      XL: |  1  2  3  4  5  6  7  8 |
---------------+-------------------------+-----
Polearms       | 2 3 5 |  5.6
Charms         | 3 4 5 |  5.0
Hexes          | 1 4 5 |  5.0
Stealth        | 2 5 |  5.0
Fighting       | 5 |  5.3
Armour         | |  0.8
Dodging        | |  1.7
Spellcasting   | |  2.0

Action                   |  1- 3 |  4- 6 |  7- 9 || total
-------------------------+-------+-------+-------++-------
Melee: Spear             |    97 |   153 |   281 ||   531
       Kick              |       |    25 |    53 ||    78
       Halberd           |       |       |    51 ||    51
 Cast: Infusion          |     1 |       |       ||     1
       Spectral Weapon   |       |     3 |     9 ||    12
  Use: Scroll            |       |    11 |     9 ||    20
       Potion            |       |     5 |       ||     5
 Stab: Sleeping          |     3 |       |     7 ||    10
       Distracted        |       |     1 |       ||     1
  Eat: Chunk             |       |     7 |    11 ||    18
       Meat ration       |       |       |     1 ||     1
Armor: Leather armour    |     6 |       |       ||     6
       Ring mail         |     6 |    25 |    42 ||    73
       Robe              |       |       |    22 ||    22
Dodge: Dodged            |    32 |    39 |   111 ||   182
Block: Other             |       |     9 |    40 ||    49
       Reflection        |       |       |     1 ||     1
